 Dungeon Crawl Stone Soup version 0.15-a0-53-g5e01d95 (webtiles) character file.

598 Qrupt the Cudgeler (level 6, -4/66 HPs)
             Began as a Demonspawn Gladiator on Apr 4, 2014.
             Slain by a wight
             ... wielding a +0,+2 trident of protection
              (7 damage)
             ... on Level 3 of the Dungeon.
             The game lasted 00:08:30 (4729 turns).

Qrupt the Cudgeler (Demonspawn Gladiator)           Turns: 4729, Time: 00:08:31

HP  -4/66        AC 24     Str 14      XL: 6   Next: 58%
MP   6/6         EV  1     Int 15      God:
Gold 188         SH  0     Dex 13 (14) Spells:  0 memorised,  5 levels left

rFire  . . .     SeeInvis .     a - +0 flail
rCold  . . .     Clarity  .     z - melded +0 ring mail
rNeg   + + +     Conserve .     (no shield)
rPois  +         rCorr    .     c - +0 helmet
rElec  .         rRot     .     (cloak currently unavailable)
SustAb . .       Spirit   .     (gloves currently unavailable)
rMut   .         Warding  .     (boots currently unavailable)
Saprov . . .     NoTele   +     (no amulet)
MR     .....                    (no ring)
                                (no ring)

@: tree-form, brilliant, heavily drained, not resistant to hostile enchantments,
fairly stealthy
A: (iridescent scales 0), blink 1, fast metabolism 1, nightstalker 1, powered by
death 1, weak 1
a: Blink


You were on level 3 of the Dungeon.
You were not hungry.
You were an animated tree.
You visited 1 branch of the dungeon, and saw 4 of its levels.

You collected 188 gold pieces.

Inventory:

Hand weapons
 a - a +0,+0 flail (weapon)
Missiles
 d - 3 throwing nets (quivered)
Armour
 b - a +0 leather armour
 c - a +0 helmet (worn)
 z - a +0 ring mail (melded)
Magical devices
 C - a wand of cold (5) {unknown}
Comestibles
 f - 3 bread rations
 g - 2 meat rations
 D - a rotting chunk of giant cockroach flesh
Scrolls
 i - a scroll of blinking {unknown}
 j - 2 scrolls of immolation {unknown}
 m - a scroll of enchant weapon I {unknown}
 o - 4 scrolls of identify {unknown}
 p - a scroll of fear {unknown}
 q - 3 scrolls of amnesia {unknown}
 r - 2 scrolls of enchant weapon II {unknown}
 t - a scroll of remove curse {unknown}
 u - 5 scrolls of teleportation {unknown}
 x - a scroll of enchant armour {unknown}
Jewellery
 y - a cursed -4,-4 ring of slaying {unknown}
Potions
 e - 4 potions of restore abilities
 l - a potion of mutation
 n - a potion of beneficial mutation {unknown}
 s - a potion of heal wounds {unknown}
 v - a potion of degeneration
 w - a potion of confusion {unknown}
 A - a potion of magic {unknown}
 B - a potion of curing {unknown}
 E - a potion of haste {unknown}


   Skills:
 - Level 2.0(0.7) Fighting
 + Level 6.8(5.4) Maces & Flails
 - Level 1.7(0.5) Throwing
 - Level 2.6(1.3) Dodging


You had 5 spell levels left.
You didn't know any spells.

Dungeon Overview and Level Annotations

Branches:
Dungeon (4/15)
 Temple: D:4-7

Altars:


Innate Abilities, Weirdness & Mutations

((You are partially covered in iridescent scales (AC +4).))*
You are slightly more attuned to the shadows.
You can steal the life force of nearby defeated enemies.
You can translocate small distances at will.
You have a fast metabolism.
You are weak. (Str -2)


Message History

The wight hits you but does no damage. The wight hits you but does no damage.
The wight hits you but does no damage. The wight hits you but does no damage.
The wight hits you but does no damage. The wight hits you but does no damage.
The wight hits you but does no damage.
The wight hits you from afar with a runed trident.
* * * LOW HITPOINT WARNING * * *
The wight hits you but does no damage. The wight hits you but does no damage.
The wight hits you but does no damage. The wight hits you but does no damage.
The wight hits you but does no damage.
The wight hits you from afar with a runed trident.
* * * LOW HITPOINT WARNING * * *
The wight hits you but does no damage. The wight hits you but does no damage.
The wight hits you from afar with a runed trident!
You die...

##.#......# #.# #.###..#.# #.#
#.# #.##.# #.# ##.###.##.### #..
...#........# ##.. ####.#.##.#.#
##... #.#.##.#.#### ##..#.
#.....).#...###### ##..##.
#...##.#.##..♣.z.# #......
####...##.#.###.###.#######......
........#.#.##.#.........##......
..).......#.#.###..........#.....
.###....###.##.#..#.####...♣#....
..#.....###.###.#.#.###..###.....
#...[.............#.......#z.....
..#.....###.###.###.......>).....
####............# #.####.........


You could see a wight.

Vanquished Creatures
  An ogre (D:4)
  A scorpion (D:4)
  An iguana (D:3)
  A worker ant (D:4)
  A killer bee zombie (D:3)
  8 adders
  3 gnolls (D:4)
  3 worms (D:3)
  A giant eyeball (D:4)
  An ooze (D:4)
  An orc (D:3)
  2 ball pythons
  12 bats
  5 giant cockroaches
  15 goblins
  7 hobgoblins
  4 jackals
  2 kobolds
  2 quokkas
  5 giant geckos
  4 giant newts
  11 rats
91 creatures vanquished.

Notes
Turn   | Place    | Note
--------------------------------------------------------------
     0 | D:1      | Qrupt, the Demonspawn Gladiator, began the quest for the Orb.
     0 | D:1      | Reached XP level 1. HP: 16/16 MP: 1/1
   138 | D:1      | Reached skill level 3 in Maces & Flails
   182 | D:1      | Gained mutation: You are slightly more attuned to the shadows. [demonic ancestry]
   182 | D:1      | Reached XP level 2. HP: 16/22 MP: 2/2
  1066 | D:2      | Reached XP level 3. HP: 17/27 MP: 3/3
  1262 | D:2      | Reached skill level 4 in Maces & Flails
  1595 | D:2      | Reached XP level 4. HP: 12/33 MP: 4/4
  2117 | D:3      | Reached skill level 5 in Maces & Flails
  2933 | D:3      | Gained mutation: You can steal the life force of nearby defeated enemies. [demonic ancestry]
  2933 | D:3      | Reached XP level 5. HP: 38/38 MP: 5/5
  3225 | D:4      | Noticed an ogre
  3231 | D:4      | Killed an ogre
  3231 | D:4      | Reached skill level 6 in Maces & Flails
  3231 | D:4      | Gained mutation: You are partially covered in iridescent scales (AC +4). [demonic ancestry]
  3231 | D:4      | Reached XP level 6. HP: 16/44 MP: 6/6
  4702 | D:3      | Gained mutation: You have a fast metabolism. [potion of mutation]
  4702 | D:3      | Gained mutation: You are weak. (Str -2) [potion of mutation]
  4702 | D:3      | Gained mutation: You can translocate small distances at will. [potion of mutation]
  4725 | D:3      | HP: 2/66 [wight/runed trident (3)]
  4729 | D:3      | Slain by a wight

Action                   |  1- 3 |  4- 6 || total
-------------------------+-------+-------++-------
Melee: Flail             |   132 |   250 ||   382
  Use: Potion            |       |     7 ||     7
 Stab: Sleeping          |     3 |     3 ||     6
